 Dungeon Crawl Stone Soup version 0.22-a0-42-g002c468 (webtiles) character file.

1232 tidbits the Grave Robber (level 8, 47/58 HPs)
             Began as a Gnoll Necromancer on Jan 5, 2018.
             Quit the game on level 5 of the Dungeon.
             The game lasted 00:15:04 (1772 turns).

tidbits the Grave Robber (Gnoll Necromancer)        Turns: 1772, Time: 00:15:05

Health: 47/58      AC:  0    Str: 11    XL:     8   Next: 48%
Magic:  17/17      EV: 15    Int: 19    God:
Gold:   165        SH:  0    Dex: 14    Spells: 11/19 levels left

rFire    . . .     SeeInvis .   a - +3 rapier (elec)
rCold    . . .     Gourm    .   (no shield)
rNeg     . . .     Faith    .   f - -2 robe (curse)
rPois    .         Spirit   .   (no helmet)
rElec    .         Reflect  .   (no cloak)
rCorr    .         Harm     +   (no gloves)
MR       .....     Clarity  +   (no boots)
Stlth    +++.......             d - amulet of harm
HPRegen  0.19/turn              (no ring)
MPRegen  0.15/turn              (no ring)

@: no status effects
A: distributed training, fangs 1, clarity, clumsy 1, wild magic 1, strong nose
a: no special abilities


You were on level 5 of the Dungeon.
You were not hungry.

You visited 1 branch of the dungeon, and saw 8 of its levels.
You also visited: Ossuary.

You collected 165 gold pieces.

Inventory:

Hand Weapons
 a - a +3 rapier of electrocution (weapon)
   (You acquired it on level 5 of the Dungeon)
 e - a +0 short sword of holy wrath
   (You took it off a kobold on level 2 of the Dungeon)
Missiles
 g - 51 stones (quivered)
 n - 3 needles of paralysis
 y - a throwing net {!f}
 A - 2 tomahawks
Armour
 f - a cursed -2 robe (worn)
 h - a +0 robe
Jewellery
 d - an amulet of harm (around neck)
   (You found it on level 1 of the Dungeon)
Wands
 v - a wand of iceblast (3)
Scrolls
 k - 2 scrolls of noise
 q - 2 scrolls of fear
 r - a scroll of remove curse
 t - 3 scrolls of random uselessness
 u - a scroll of brand weapon
Potions
 i - 5 potions of curing
 j - 3 potions of mutation {!q}
 l - a potion of haste {unknown}
 m - a potion of heal wounds
 o - a potion of berserk rage {unknown}
 p - 2 potions of ambrosia {unknown}
 s - a potion of lignification
 w - 2 potions of agility {unknown}
 x - a potion of flight
Books
 b - a book of Necromancy

   Spells                             Type                      Level
   a - Pain                           Necromancy                   1
   b - Animate Skeleton               Necromancy                   1
   c - Vampiric Draining              Necromancy                   3
   d - Regeneration                   Charms/Necromancy            3
   e - Animate Dead                   Necromancy                   4
   f - Borgnjor's Vile Clutch         Necromancy/Earth             5
Comestibles
 c - 6 rations
 z - 3 chunks of flesh


   Skills:
 + Level 3.2 Fighting
 + Level 3.2 Short Blades
 + Level 3.2 Long Blades
 + Level 3.2 Axes
 + Level 3.2 Maces & Flails
 + Level 3.2 Polearms
 + Level 3.2 Staves
 + Level 3.2 Slings
 + Level 3.2 Bows
 + Level 3.2 Crossbows
 + Level 3.2 Throwing
 + Level 3.2 Armour
 + Level 5.6 Dodging
 + Level 5.3 Stealth
 + Level 3.2 Shields
 + Level 3.2 Unarmed Combat
 + Level 6.0 Spellcasting
 + Level 2.6 Conjurations
 + Level 2.6 Hexes
 + Level 2.6 Charms
 + Level 2.6 Summonings
 + Level 7.6 Necromancy
 + Level 2.6 Translocations
 + Level 2.6 Transmutations
 + Level 2.6 Fire Magic
 + Level 2.6 Ice Magic
 + Level 2.6 Air Magic
 + Level 2.6 Earth Magic
 + Level 2.6 Poison Magic
 + Level 3.5 Invocations
 + Level 3.2 Evocations


You had 11 spell levels left.
You knew the following spells:

 Your Spells              Type           Power        Failure   Level  Hunger
a - Pain                  Necr           ####         1%          1    None
d - Vampiric Draining     Necr           #####.....   2%          3    ##.....
n - Animate Skeleton      Necr           N/A          1%          1    None
r - Regeneration          Chrm/Necr      ####......   7%          3    ##.....


Dungeon Overview and Level Annotations

Branches:
Dungeon (8/15)
 Temple: D:4-7         Lair: D:8-11

Altars:
Ashenzari
Gozag
Hepliaklqana
Nemelex Xobeh
Qazlal
Uskayaw
Wu Jian
Xom
The Shining One


Innate Abilities, Weirdness & Mutations

Your experience applies equally to all skills.
You have very sharp teeth.
Your uncanny sense of smell can sniff out nearby items.
You possess an exceptional clarity of mind.
You are clumsy. (Dex -2)
Your spells are a little harder to cast, but a little more powerful.


Message History

You see here a quokka corpse.
Casting: Animate Skeleton
Confirm with . or Enter, or press ? or * to list all spells.
Your skin crawls.
Your skin is crawling a little less now.
Your skin stops crawling.
You found a shaft!
There is a shaft here.
Okay, then.
An ooze comes into view.
Found a stone staircase leading up.
The ooze quivers.
Found 12 stones.
You puncture the ooze!
You kill the ooze!
There is a stone staircase leading up here.
You climb upwards.
An orc comes into view. It is wielding a war axe.
Found an escape hatch in the floor.
There is a stone staircase leading down here.
An ooze, 2 orcs and an orc wizard come into view.
The ooze quivers.
The orc misses you.
You hit the orc.
The orc is almost dead.
The orc wizard shouts!
The orc shouts! x2; You hear a shout!
You hear an angry hiss.
An orc comes into view.
You barely miss the orc. You bite the orc, but do no damage.
The orc misses you. The orc closely misses you.
You barely miss the orc. The orc completely misses you.
You barely miss the orc. The orc hits you but does no damage.
The orc misses you.
You hit the orc.
You kill the orc!
The ooze misses you.
A rat and a giant cockroach come into view.
The orc misses you.
A leopard gecko comes into view.
There is a stone staircase leading down here.
The orc hits you with a war axe.
The orc wizard casts a spell.
The orc wizard flickers and vanishes!
You climb downwards.
There is a stone staircase leading up here.
Unknown command.
Unknown command.
You hit the orc.
The orc is almost dead.
The orc misses you.
You hit the orc. Lightning courses through the orc!
You kill the orc!
Things that are here:
a war axe; an orc corpse
Casting: Regeneration
Confirm with . or Enter, or press ? or * to list all spells.
You attempt to give life to the dead...
Before your eyes, flesh is ripped from the corpse!
The dead are walking!
You see here 2 chunks of flesh.
Okay, then.
You swap places.
Found a stone staircase leading down.
There is a stone staircase leading down here.
You climb downwards.
Your mindless thrall stays behind.
There is a stone staircase leading up here.
A gnoll is nearby!
Found a leather armour.
An orc wizard comes into view. It is wielding a dagger.
Found a sparkling altar of Nemelex Xobeh.
There is a fountain of sparkling water here.
Found a scroll labeled VASOWU CA LIASK.
You see here a scroll labeled VASOWU CA LIASK.
As you read the scroll labeled VASOWU CA LIASK, it crumbles to dust.
The scroll dissolves into smoke.
It was a scroll of fog.
A water moccasin zombie comes into view.
The water moccasin zombie bites you!
You hit the water moccasin zombie.
The water moccasin zombie is lightly damaged.
The water moccasin zombie closely misses you.
You hit the water moccasin zombie.
Lightning courses through the water moccasin zombie!
You bite the water moccasin zombie.
The water moccasin zombie is severely damaged.
The water moccasin zombie barely misses you.
You hit the water moccasin zombie.
The water moccasin zombie is almost destroyed.
The water moccasin zombie closely misses you.
The water moccasin zombie bites you.
You hit the water moccasin zombie.
The water moccasin zombie is almost destroyed.
The water moccasin zombie closely misses you.
You hit the water moccasin zombie.
The water moccasin zombie is almost destroyed.
The water moccasin zombie barely misses you.
The water moccasin zombie misses you.
You hit the water moccasin zombie.
Lightning courses through the water moccasin zombie!
You destroy the water moccasin zombie!
Are you sure you want to abandon this character and quit the game? (Confirm with "yes".)

#.####.# ####
#......# ##§§.
#......# ##§§§#
##.##.## #.§§§.
#.##.######§..#
#.##.........##
#.##########.#
#####.### #.#
#.@.....# #+##
#.###.#.# ##...#
#. #.#.# ##.....
#. ##...#
##...... #.
#....####.......
#.
#.......'.......
#.
#....####.......
#.##.#..#
##......
#.......#
##.....


There were no monsters in sight!

Vanquished Creatures
  An ice beast (D:6)
  A sky beast (D:7)
  An orc warrior (D:7)
  3 ogres
  2 bullfrogs
  2 water moccasin zombies (D:5)
  A jelly (D:6)
  A centaur skeleton (D:6)
  A hound (D:7)
  An orc priest (D:5)
  5 orc wizards (D:5)
  A worker ant (D:7)
  A hound skeleton (D:7)
  5 mummies (Ossuary)
  3 gnolls (D:6)
  3 adders
  An ooze (D:4)
  An adder skeleton (D:4)
  A leopard gecko (D:5)
  13 orcs
  A giant cockroach (D:2)
  2 hobgoblins (D:2)
  9 jackals
  A kobold (D:2)
  2 quokkas
  A bat (D:2)
  A leopard gecko skeleton (D:5)
  2 rats
67 creatures vanquished.

Notes
Turn   | Place    | Note
-------+----------+-------------------------------------------
     0 | D:1      | tidbits the Gnoll Necromancer began the quest for the Orb.
     0 | D:1      | Reached XP level 1. HP: 13/13 MP: 6/6
    42 | D:2      | Learned a level 1 spell: Animate Skeleton
    59 | D:1      | Reached XP level 2. HP: 12/19 MP: 0/7
    80 | D:2      | Found a glowing golden altar of the Shining One.
    81 | D:2      | Found a hazy altar of Hepliaklqana.
   169 | D:2      | You fall through a shaft for 2 floors!
   243 | D:4      | Reached XP level 3. HP: 9/25 MP: 5/9
   245 | D:4      | Reached skill level 5 in Spellcasting
   250 | D:4      | Learned a level 3 spell: Vampiric Draining
   254 | D:4      | Learned a level 3 spell: Regeneration
   259 | D:4      | Found a sand-covered staircase.
   265 | Ossuary  | Entered an ossuary
   322 | Ossuary  | Gained mutation: Your spells are a little harder to cast, but a little more powerful. [potion of mutation]
   322 | Ossuary  | Gained mutation: You are clumsy. (Dex -2) [potion of mutation]
   322 | Ossuary  | Gained mutation: You possess an exceptional clarity of mind. [potion of mutation]
   331 | Ossuary  | Reached skill level 1 in Invocations
   333 | Ossuary  | Reached skill level 1 in Fighting
   333 | Ossuary  | Reached skill level 1 in Short Blades
   333 | Ossuary  | Reached skill level 1 in Long Blades
   333 | Ossuary  | Reached skill level 1 in Axes
   333 | Ossuary  | Reached skill level 1 in Maces & Flails
   333 | Ossuary  | Reached skill level 1 in Polearms
   333 | Ossuary  | Reached skill level 1 in Staves
   333 | Ossuary  | Reached skill level 1 in Slings
   333 | Ossuary  | Reached skill level 1 in Bows
   333 | Ossuary  | Reached skill level 1 in Crossbows
   333 | Ossuary  | Reached skill level 1 in Throwing
   333 | Ossuary  | Reached skill level 1 in Armour
   333 | Ossuary  | Reached skill level 1 in Shields
   333 | Ossuary  | Reached skill level 1 in Unarmed Combat
   333 | Ossuary  | Reached skill level 1 in Evocations
   333 | Ossuary  | Reached XP level 4. HP: 20/32 MP: 1/11
   517 | D:5      | Entered Level 5 of the Dungeon
   566 | D:5      | Reached skill level 1 in Conjurations
   566 | D:5      | Reached skill level 1 in Hexes
   566 | D:5      | Reached skill level 1 in Charms
   566 | D:5      | Reached skill level 1 in Summonings
   566 | D:5      | Reached skill level 1 in Translocations
   566 | D:5      | Reached skill level 1 in Transmutations
   566 | D:5      | Reached skill level 1 in Fire Magic
   566 | D:5      | Reached skill level 1 in Ice Magic
   566 | D:5      | Reached skill level 1 in Air Magic
   566 | D:5      | Reached skill level 1 in Earth Magic
   566 | D:5      | Reached skill level 1 in Poison Magic
   566 | D:5      | Reached XP level 5. HP: 33/37 MP: 6/12
   713 | D:5      | Identified a scroll of acquirement
   783 | D:5      | Reached XP level 6. HP: 23/44 MP: 7/13
   787 | D:5      | Reached skill level 2 in Invocations
   808 | D:5      | Reached skill level 2 in Fighting
   808 | D:5      | Reached skill level 2 in Short Blades
   808 | D:5      | Reached skill level 2 in Long Blades
   808 | D:5      | Reached skill level 2 in Axes
   808 | D:5      | Reached skill level 2 in Maces & Flails
   808 | D:5      | Reached skill level 2 in Polearms
   808 | D:5      | Reached skill level 2 in Staves
   808 | D:5      | Reached skill level 2 in Slings
   808 | D:5      | Reached skill level 2 in Bows
   808 | D:5      | Reached skill level 2 in Crossbows
   808 | D:5      | Reached skill level 2 in Throwing
   808 | D:5      | Reached skill level 2 in Armour
   808 | D:5      | Reached skill level 5 in Dodging
   808 | D:5      | Reached skill level 2 in Shields
   808 | D:5      | Reached skill level 2 in Unarmed Combat
   808 | D:5      | Reached skill level 2 in Evocations
   928 | D:5      | Found a shattered altar of Ashenzari.
   928 | D:5      | Found a stormy altar of Qazlal.
   928 | D:5      | Found a shimmering altar of Xom.
   928 | D:5      | Found an opulent altar of Gozag.
   937 | D:5      | Found an ornate altar of the Wu Jian Council.
   937 | D:5      | Found a hide-covered altar of Uskayaw.
   986 | D:7      | Noticed an orc warrior
  1002 | D:7      | Killed an orc warrior
  1002 | D:7      | Reached XP level 7. HP: 48/50 MP: 10/15
  1077 | D:7      | Reached skill level 2 in Conjurations
  1077 | D:7      | Reached skill level 2 in Hexes
  1077 | D:7      | Reached skill level 2 in Charms
  1077 | D:7      | Reached skill level 2 in Summonings
  1077 | D:7      | Reached skill level 2 in Translocations
  1077 | D:7      | Reached skill level 2 in Transmutations
  1077 | D:7      | Reached skill level 2 in Fire Magic
  1077 | D:7      | Reached skill level 2 in Ice Magic
  1077 | D:7      | Reached skill level 2 in Air Magic
  1077 | D:7      | Reached skill level 2 in Earth Magic
  1077 | D:7      | Reached skill level 2 in Poison Magic
  1186 | D:7      | Reached skill level 5 in Stealth
  1222 | D:6      | Reached skill level 3 in Invocations
  1252 | D:6      | HP: 5/51 [ice beast (8)]
  1267 | D:6      | Reached XP level 8. HP: 24/57 MP: 0/16
  1405 | D:6      | Reached skill level 3 in Fighting
  1405 | D:6      | Reached skill level 3 in Short Blades
  1405 | D:6      | Reached skill level 3 in Long Blades
  1405 | D:6      | Reached skill level 3 in Axes
  1405 | D:6      | Reached skill level 3 in Maces & Flails
  1405 | D:6      | Reached skill level 3 in Polearms
  1405 | D:6      | Reached skill level 3 in Staves
  1405 | D:6      | Reached skill level 3 in Slings
  1405 | D:6      | Reached skill level 3 in Bows
  1405 | D:6      | Reached skill level 3 in Crossbows
  1405 | D:6      | Reached skill level 3 in Throwing
  1405 | D:6      | Reached skill level 3 in Armour
  1405 | D:6      | Reached skill level 3 in Shields
  1405 | D:6      | Reached skill level 3 in Unarmed Combat
  1405 | D:6      | Reached skill level 3 in Evocations
  1413 | D:6      | Reached skill level 6 in Spellcasting
  1726 | D:5      | Found a sparkling altar of Nemelex Xobeh.
  1772 | D:5      | Quit the game

Vault maps used:
D:1:      eino_arrival_water_star, minmay_statues_item, minmay_pentomino_q4
D:2:      gammafunk_temple_overflow_statue, first_ration
D:3:      serial_undead, serial_undead_c, serial_undead_e, serial_undead_a,
          serial_undead_f
D:4:      nicolae_ossuary_entry_plus
D:5:      nemelex_xobeh_ov_fountains_minmay, minmay_overflow_temple_hex
D:7:      lemuel_zombie_altar_kikubaaqudgha, minmay_temple_entry_glass,
          serial_shops, shop_statue
D:8:      minmay_four_partial_circles, grunt_dithmenos_smoke_and_mirrors,
          cheibriados_altar_1, special_room, serial_shops, shop,
          grunt_livestock, uniq_joseph, uniq_psyche
Ossuary:  ossuary_crypta

Skill      XL: |  1  2  3  4  5  6  7  8 |
---------------+-------------------------+-----
Spellcasting   | 5 6 |  6.0
Invocations    | 1 2 3 |  3.5
Fighting       | 1 2 3 |  3.2
Short Blades   | 1 2 3 |  3.2
Long Blades    | 1 2 3 |  3.2
Axes           | 1 2 3 |  3.2
Maces & Flails | 1 2 3 |  3.2
Polearms       | 1 2 3 |  3.2
Staves         | 1 2 3 |  3.2
Slings         | 1 2 3 |  3.2
Bows           | 1 2 3 |  3.2
Crossbows      | 1 2 3 |  3.2
Throwing       | 1 2 3 |  3.2
Armour         | 1 2 3 |  3.2
Shields        | 1 2 3 |  3.2
Unarmed Combat | 1 2 3 |  3.2
Evocations     | 1 2 3 |  3.2
Conjurations   | 1 2 |  2.6
Hexes          | 1 2 |  2.6
Charms         | 1 2 |  2.6
Summonings     | 1 2 |  2.6
Translocations | 1 2 |  2.6
Transmutations | 1 2 |  2.6
Fire Magic     | 1 2 |  2.6
Ice Magic      | 1 2 |  2.6
Air Magic      | 1 2 |  2.6
Earth Magic    | 1 2 |  2.6
Poison Magic   | 1 2 |  2.6
Dodging        | 5 |  5.6
Stealth        | 5 |  5.3
Necromancy     | |  7.6

Action                   |  1- 3 |  4- 6 |  7- 9 || total
-------------------------+-------+-------+-------++-------
Melee: Short sword       |    18 |    15 |    30 ||    63
       Bite              |       |     1 |     6 ||     7
       Rapier            |       |     8 |    45 ||    53
       Punch             |       |       |     1 ||     1
 Cast: Pain              |    21 |    26 |    12 ||    59
       Animate Skeleton  |     1 |     2 |     8 ||    11
       Regeneration      |     3 |     2 |     4 ||     9
       Vampiric Draining |       |     1 |    10 ||    11
Evoke: Wand              |       |     1 |     2 ||     3
  Use: Potion            |     5 |       |     1 ||     6
       Scroll            |       |     9 |     2 ||    11
 Stab: Sleeping          |       |     3 |     3 ||     6
  Eat: Chunk             |       |       |     2 ||     2
       Ration            |       |       |     1 ||     1
Armor: Robe              |     1 |       |       ||     1
Dodge: Dodged            |    11 |    11 |    73 ||    95

Table legend:
 A = Spawn XP
 B = Non-spawn XP
 C = Spawn XP percentage of total XP
 D = Spawn monster count
 E = Non-spawn monster count
 F = Spawn count percentage of total count
 G = Total turns spent on level
                    A         B        C        D         E        F      G
               +---------+---------+-------+---------+---------+-------+---------
         Total |       0 |    1760 |   0.0 |       0 |      67 |   0.0 |  1772
               +---------+---------+-------+---------+---------+-------+---------
           D:1 |       0 |       1 |   0.0 |       0 |       1 |   0.0 |    25
           D:2 |       0 |      31 |   0.0 |       0 |      11 |   0.0 |   144
           D:3 |       0 |       3 |   0.0 |       0 |       1 |   0.0 |    13
           D:4 |       0 |      26 |   0.0 |       0 |       8 |   0.0 |   290
           D:5 |       0 |     549 |   0.0 |       0 |      20 |   0.0 |   495
           D:6 |       0 |     596 |   0.0 |       0 |      12 |   0.0 |   384
           D:7 |       0 |     464 |   0.0 |       0 |       9 |   0.0 |   241
       Ossuary |       0 |      90 |   0.0 |       0 |       5 |   0.0 |   178
               +---------+---------+-------+---------+---------+-------+---------

Table legend:
 A = Turns spent in this place as a percentage of turns spent in the entire game.
 B = Non-inter-level travel turns spent in this place as a percentage of non-inter-level travel turns spent in the entire game.
 C = Inter-level travel turns spent in this place as a percentage of turns spent in this place.
 D = Turns resting spent in this place as a percentage of non-inter-level travel turns spent in this place.
 E = Turns spent auto-exploring this place as a percentage of non-inter-level travel turns spent in this place.
 F = Non-inter-level travel turns spent in this place divided by the number of levels of this place that you've seen.
                   A       B       C       D       E      F
               +-------+-------+-------+-------+-------+----------------------
         Total | 100.0 | 100.0 |   0.0 |   0.0 |   0.0 | 196.9
       Dungeon |  90.0 |  90.0 |   0.0 |   0.0 |   0.0 | 199.2
       Ossuary |  10.0 |  10.0 |   0.0 |   0.0 |   0.0 | 178.0
               +-------+-------+-------+-------+-------+----------------------

Table legend:
 A = Kills in this place as a percentage of kills in entire the game.
 B = Kills by you in this place as a percentage of kills by you in the entire game.
 C = Kills by friends in this place as a percentage of kills by friends in the entire game.
 D = Other kills in this place as a percentage of other kills in the entire game.
 E = Experience gained in this place as a percentage of experience gained in the entire game.
 F = Experience gained in this place divided by the number of levels of this place that you have seen.
                   A       B       C       D       E      F
               +-------+-------+-------+-------+-------+----------------------
         Total | 100.0 | 100.0 |   N/A |   N/A | 100.0 | 195.6
       Dungeon |  92.5 |  92.5 |   N/A |   N/A |  94.9 | 208.8
       Ossuary |   7.5 |   7.5 |   N/A |   N/A |   5.1 |  90.0
               +-------+-------+-------+-------+-------+----------------------

Vault maps used:
D:1:      eino_arrival_water_star, minmay_statues_item, minmay_pentomino_q4
D:2:      gammafunk_temple_overflow_statue, first_ration
D:3:      serial_undead, serial_undead_c, serial_undead_e, serial_undead_a,
          serial_undead_f
D:4:      nicolae_ossuary_entry_plus
D:5:      nemelex_xobeh_ov_fountains_minmay, minmay_overflow_temple_hex
D:7:      lemuel_zombie_altar_kikubaaqudgha, minmay_temple_entry_glass,
          serial_shops, shop_statue
D:8:      minmay_four_partial_circles, grunt_dithmenos_smoke_and_mirrors,
          cheibriados_altar_1, special_room, serial_shops, shop,
          grunt_livestock, uniq_joseph, uniq_psyche
Ossuary:  ossuary_crypta
